3A
ROCKY MOUNTAIN VIBES @ GRIM REAPERS
09/05/2034
 
TOP OF THE 1ST
Rocky Mountain Vibes batting - Pitching for Grim Reapers : RHP Héctor Marroquín
Pitching: RHP Héctor Marroquín
Batting: LHB Q' Drennan 0-0: Ball
1-0: Called Strike
1-1: Ball
2-1: Foul Ball, location: 2F
2-2: Strikes out swinging
Batting: RHB Harley Colman 0-0: Called Strike
0-1: Swinging Strike
0-2: Ball
1-2: DOUBLE (Line Drive, 8RD)
Batting: RHB Brook Linen 0-0: Ball
1-0: Ball
2-0: Called Strike
2-1: Fly out, F9 (Flyball, 89S)
Batting: RHB Douglas von Bittenfeld 0-0: Ball
1-0: Fly out, F9 (Flyball, 9D)
Top of the 1st over - 0 runs, 1 hit, 0 errors, 1 left on base; Rocky Mountain 0 - Grim 0
BOTTOM OF THE 1ST
Grim Reapers batting - Pitching for Rocky Mountain Vibes : LHP Júlio Díaz
Pitching: LHP Júlio Díaz
Batting: RHB Tsuneari Hirano 0-0: Ball
1-0: Fly out, F7 (Flyball, 7)
Batting: SHB Tekkan Hayagawa 0-0: Foul Ball, location: 2F
0-1: SINGLE (Line Drive, 7LS)
Batting: RHB Bearooz Yacoobi 0-0: Called Strike
0-1: Ball
1-1: Swinging Strike
1-2: Ball
2-2: Foul Ball, location: 2F
2-2: Foul Ball, location: 2F
2-2: Foul Ball, location: 2F
2-2: Foul Ball, location: 2F
2-2: Ball
3-2: Base on Balls
Tekkan Hayagawa to second
Batting: LHB Semo Hoaloha 0-0: Ball
1-0: Swinging Strike
1-1: Foul Ball, location: 2F
1-2: Foul Ball, location: 2F
1-2: Strikes out swinging
Batting: SHB Takechi Yamashita 0-0: Ball
1-0: Ball
Wild Pitch!
Tekkan Hayagawa to third
Bearooz Yacoobi to second
2-0: Called Strike
2-1: Called Strike
2-2: Foul Ball, location: 2F
2-2: Ball
3-2: Strikes out looking
Bottom of the 1st over - 0 runs, 1 hit, 0 errors, 2 left on base; Rocky Mountain 0 - Grim 0
TOP OF THE 2ND
Rocky Mountain Vibes batting - Pitching for Grim Reapers : RHP Héctor Marroquín
Batting: LHB Juan Carlos Vázquez 0-0: Called Strike
0-1: Foul Ball, location: 2F
0-2: Ball
1-2: Ball
2-2: Ball
3-2: Foul Ball, location: 2F
3-2: Strikes out swinging
Batting: RHB Dennis Shaw 0-0: Ball
1-0: SINGLE (Groundball, 56D)
Batting: RHB Timo Zwiefelhofer 0-0: Called Strike
0-1: Ball
1-1: Grounds into double play, 6-4-3 (Groundball, 6M)
Top of the 2nd over - 0 runs, 1 hit, 0 errors, 0 left on base; Rocky Mountain 0 - Grim 0
BOTTOM OF THE 2ND
Grim Reapers batting - Pitching for Rocky Mountain Vibes : LHP Júlio Díaz
Batting: RHB Jaxton Goleta 0-0: Called Strike
0-1: DOUBLE (Line Drive, 3D)
Batting: RHB Marvin Strickland 0-0: Foul Ball, location: 2F
0-1: Swinging Strike
0-2: Strikes out swinging
Batting: RHB Chi-eun Mun 0-0: Fly out, F4 (Line Drive, 4)
Batting: RHB Joe Rodgers 0-0: Ball
1-0: Ball
2-0: Ball
3-0: Called Strike
3-1: Base on Balls
Batting: RHB Tsuneari Hirano 0-0: Ball
1-0: Ball
2-0: Foul Ball, location: 2F
2-1: Ball
3-1: Base on Balls
Jaxton Goleta to third
Joe Rodgers to second
Batting: SHB Tekkan Hayagawa 0-0: Fly out, F7 (Flyball, 78M)
Bottom of the 2nd over - 0 runs, 1 hit, 0 errors, 3 left on base; Rocky Mountain 0 - Grim 0
TOP OF THE 3RD
Rocky Mountain Vibes batting - Pitching for Grim Reapers : RHP Héctor Marroquín
Batting: SHB Chien-shih Dun 0-0: Ball
1-0: Called Strike
1-1: Foul Ball, location: 2F
1-2: Ball
2-2: Fly out, F8 (Flyball, 8LD)
Batting: RHB Manuel Santos 0-0: Called Strike
0-1: Swinging Strike
0-2: Ball
1-2: SINGLE (Line Drive, 7S)
Batting: LHB Q' Drennan 0-0: Called Strike
0-1: Foul Ball, location: 2F
0-2: Ball
1-2: Strikes out swinging
Batting: RHB Harley Colman 0-0: Foul Ball, location: 2F
0-1: Called Strike
0-2: Strikes out looking
Top of the 3rd over - 0 runs, 1 hit, 0 errors, 1 left on base; Rocky Mountain 0 - Grim 0
BOTTOM OF THE 3RD
Grim Reapers batting - Pitching for Rocky Mountain Vibes : LHP Júlio Díaz
Batting: RHB Bearooz Yacoobi 0-0: Called Strike
0-1: Foul Ball, location: 2F
0-2: Ball
1-2: Ball
2-2: Ball
3-2: Strikes out swinging
Batting: LHB Semo Hoaloha 0-0: Ball
1-0: Ball
2-0: SINGLE (Line Drive, 6D)
Batting: SHB Takechi Yamashita 0-0: Foul Ball, location: 2F
0-1: Ball
1-1: Ball
2-1: Called Strike
2-2: Ball
3-2: Fly out, F5 (Popup, 56S)
Batting: RHB Jaxton Goleta 0-0: Ball
1-0: Fielders Choice at 2nd, 6-4 (Groundball, 6)
Bottom of the 3rd over - 0 runs, 1 hit, 0 errors, 1 left on base; Rocky Mountain 0 - Grim 0
TOP OF THE 4TH
Rocky Mountain Vibes batting - Pitching for Grim Reapers : RHP Héctor Marroquín
Batting: RHB Brook Linen 0-0: Swinging Strike
0-1: Ball
1-1: Ball
2-1: Called Strike
2-2: SINGLE (Flyball, 78M)
Batting: RHB Douglas von Bittenfeld 0-0: Ball
1-0: Called Strike
1-1: Ball
2-1: Called Strike
2-2: Strikes out looking
Batting: LHB Juan Carlos Vázquez 0-0: Ball
1-0: Called Strike
1-1: Foul Ball, location: 2F
1-2: Strikes out swinging
Batting: RHB Dennis Shaw 0-0: Called Strike
Brook Linen steals 2nd base
0-1: Ball
1-1: Ground out 6-3 (Groundball, 6)
Top of the 4th over - 0 runs, 1 hit, 0 errors, 1 left on base; Rocky Mountain 0 - Grim 0
BOTTOM OF THE 4TH
Grim Reapers batting - Pitching for Rocky Mountain Vibes : LHP Júlio Díaz
Batting: RHB Marvin Strickland 0-0: Called Strike
0-1: Called Strike
0-2: Ball
1-2: Reached on error, E4 (Popup, 4D)
Batting: RHB Chi-eun Mun 0-0: Called Strike
0-1: Ball
1-1: Called Strike
1-2: Foul Ball, location: 2F
1-2: Strikes out looking
Batting: RHB Joe Rodgers 0-0: Called Strike
0-1: Swinging Strike
0-2: Ball
1-2: Ball
2-2: Ball
3-2: Strikes out looking
Batting: RHB Tsuneari Hirano 0-0: SINGLE (Groundball, 34D)
Marvin Strickland to second
Batting: SHB Tekkan Hayagawa 0-0: Ball
1-0: Swinging Strike
1-1: DOUBLE (Flyball, 89D)
Marvin Strickland scores
Tsuneari Hirano to third
Runner from 3rd tries for Home, SAFE, no throw
Batting: RHB Bearooz Yacoobi 0-0: Swinging Strike
0-1: Ball
1-1: Fly out, F8 (Flyball, 8LM)
Bottom of the 4th over - 2 runs, 2 hits, 1 error, 1 left on base; Rocky Mountain 0 - Grim 2
TOP OF THE 5TH
Rocky Mountain Vibes batting - Pitching for Grim Reapers : RHP Héctor Marroquín
Batting: RHB Timo Zwiefelhofer 0-0: Foul Ball, location: 2F
0-1: TRIPLE (Flyball, 78XD)
Batting: SHB Chien-shih Dun 0-0: Swinging Strike
0-1: Ball
1-1: Ball
2-1: Foul Ball, location: 2F
2-2: SINGLE (Groundball, 34D)
Timo Zwiefelhofer scores
Batting: RHB Manuel Santos 0-0: Called Strike
0-1: Sac Bunt - play at first, batter OUT! 1-3
Chien-shih Dun to second
Batting: LHB Q' Drennan 0-0: Ball
1-0: Ball
2-0: Called Strike
2-1: Foul Ball, location: 2F
2-2: Ball
3-2: Fly out, F7 (Flyball, 7)
Batting: RHB Harley Colman 0-0: Ball
1-0: DOUBLE (Line Drive, 7LD)
Chien-shih Dun scores
Batting: RHB Brook Linen 0-0: Foul Ball, location: 2F
0-1: Foul Ball, location: 2F
0-2: Ball
1-2: Ball
2-2: Ball
3-2: TRIPLE (Groundball, 5L)
Harley Colman scores
Batting: RHB Douglas von Bittenfeld 0-0: Swinging Strike
0-1: Foul Ball, location: 2F
0-2: Fly out, F7 (Flyball, 7LS)
Top of the 5th over - 3 runs, 4 hits, 0 errors, 1 left on base; Rocky Mountain 3 - Grim 2
BOTTOM OF THE 5TH
Grim Reapers batting - Pitching for Rocky Mountain Vibes : LHP Júlio Díaz
Batting: LHB Semo Hoaloha 0-0: Foul Ball, location: 2F
0-1: Ball
1-1: Ball
2-1: Fly out, F7 (Flyball, 7LS)
Batting: SHB Takechi Yamashita 0-0: Called Strike
0-1: Ball
1-1: Ground out 6-3 (Groundball, 6)
Batting: RHB Jaxton Goleta 0-0: Called Strike
0-1: Foul Ball, location: 2F
0-2: Ground out 6-3 (Groundball, 6)
Bottom of the 5th over - 0 runs, 0 hits, 0 errors, 0 left on base; Rocky Mountain 3 - Grim 2
TOP OF THE 6TH
Rocky Mountain Vibes batting - Pitching for Grim Reapers : RHP Héctor Marroquín
Batting: LHB Juan Carlos Vázquez 0-0: Ball
1-0: Called Strike
1-1: Ball
2-1: Foul Ball, location: 2F
2-2: Foul Ball, location: 2F
2-2: Fly out, F8 (Flyball, 8RS)
Pitching: RHP Troy Moore
Batting: RHB Dennis Shaw 0-0: Ball
1-0: Called Strike
1-1: Foul Ball, location: 2F
1-2: Strikes out swinging
Batting: RHB Timo Zwiefelhofer 0-0: Fly out, F9 (Flyball, 9LSF)
Top of the 6th over - 0 runs, 0 hits, 0 errors, 0 left on base; Rocky Mountain 3 - Grim 2
BOTTOM OF THE 6TH
Grim Reapers batting - Pitching for Rocky Mountain Vibes : LHP Júlio Díaz
Batting: RHB Marvin Strickland 0-0: Foul Ball, location: 2F
0-1: Ball
1-1: Swinging Strike
1-2: Ball
2-2: Ball
3-2: SINGLE (Groundball, 56D)
Pitching: RHP George Johnstone
Batting: RHB Chi-eun Mun 0-0: Reached on error, E6 (Groundball, 6)
Marvin Strickland to second
Batting: RHB Joe Rodgers 0-0: Ball
1-0: Sac Bunt - play at first, batter OUT! 3-4
Marvin Strickland to third
Chi-eun Mun to second
Batting: RHB Tsuneari Hirano 0-0: Ball
1-0: Foul Ball, location: 2F
1-1: Called Strike
1-2: Fly out, F8 (Flyball, 8RD)
Runner from 3rd tags up, SCORES, throw made
Batting: SHB Tekkan Hayagawa 0-0: Called Strike
0-1: Foul Ball, location: 2F
0-2: Ground out 5-3 (Groundball, 25)
Bottom of the 6th over - 1 run, 1 hit, 1 error, 1 left on base; Rocky Mountain 3 - Grim 3
TOP OF THE 7TH
Rocky Mountain Vibes batting - Pitching for Grim Reapers : RHP Troy Moore
Pinch Hitting: LHB António Morales 0-0: Ball
1-0: Swinging Strike
1-1: Foul Ball, location: 2F
1-2: Ball
2-2: Fly out, F9 (Line Drive, 9LM)
Batting: RHB Manuel Santos 0-0: Called Strike
0-1: Foul Ball, location: 2F
0-2: Ball
1-2: Strikes out swinging
Batting: LHB Q' Drennan 0-0: Foul Ball, location: 2F
0-1: Ball
1-1: Ball
2-1: Foul Ball, location: 2F
2-2: Fly out, F8 (Flyball, 8RM)
Top of the 7th over - 0 runs, 0 hits, 0 errors, 0 left on base; Rocky Mountain 3 - Grim 3
BOTTOM OF THE 7TH
Grim Reapers batting - Pitching for Rocky Mountain Vibes : RHP George Johnstone
Now in RF: António Morales
Batting: RHB Bearooz Yacoobi 0-0: Called Strike
0-1: Ball
1-1: Ball
2-1: Ball
3-1: Foul Ball, location: 2F
3-2: Strikes out swinging
Batting: LHB Semo Hoaloha 0-0: Ball
1-0: Foul Ball, location: 2F
1-1: Ball
2-1: Swinging Strike
2-2: Foul Ball, location: 2F
2-2: Ground out 6-3 (Groundball, 6)
Batting: SHB Takechi Yamashita 0-0: Ball
1-0: SINGLE (Groundball, 4MD)
Pinch Hitting: SHB John Wilder 0-0: Ball
1-0: Called Strike
1-1: Ball
2-1: Ground out U3 (Groundball, 34)
Bottom of the 7th over - 0 runs, 1 hit, 0 errors, 1 left on base; Rocky Mountain 3 - Grim 3
TOP OF THE 8TH
Rocky Mountain Vibes batting - Pitching for Grim Reapers : RHP Troy Moore
Now in CF: Nelson Ross
Batting: RHB Harley Colman 0-0: Called Strike
0-1: Ball
1-1: Ground out 5-3 (Groundball, 5)
Batting: RHB Brook Linen 0-0: Ball
1-0: Called Strike
1-1: Ball
2-1: Called Strike
2-2: Ground out 6-3 (Groundball, 6)
Batting: RHB Douglas von Bittenfeld 0-0: Ball
1-0: Foul Ball, location: 2F
1-1: Foul Ball, location: 2F
1-2: Ball
2-2: Ball
3-2: Foul Ball, location: 2F
3-2: Foul Ball, location: 2F
3-2: SOLO HOME RUN (Flyball, 7LD), Distance : 363 ft
Batting: LHB Juan Carlos Vázquez 0-0: Ball
1-0: Ball
2-0: Foul Ball, location: 2F
2-1: Foul Ball, location: 2F
2-2: Ball
3-2: Fly out, F5 (Popup, 15)
Top of the 8th over - 1 run, 1 hit, 0 errors, 0 left on base; Rocky Mountain 4 - Grim 3
BOTTOM OF THE 8TH
Grim Reapers batting - Pitching for Rocky Mountain Vibes : RHP George Johnstone
Now at 2B: Ju-hyung Chun
Batting: RHB Marvin Strickland 0-0: Ground out 4-3 (Groundball, 4MS)
Batting: RHB Chi-eun Mun 0-0: Foul Ball, location: 2F
0-1: SINGLE (Flyball, 8RS)
Pinch Hitting: SHB Damien Monroe 0-0: Ball
1-0: Foul Ball, location: 2F
1-1: Ball
2-1: Bunted foul
2-2: Ball
3-2: Foul Ball, location: 2F
3-2: Fielders Choice at 2nd, 6-4 (Groundball, 6)
Batting: RHB Tsuneari Hirano 0-0: Called Strike
0-1: Fielders Choice at 2nd, 6-4 (Groundball, 56)
Bottom of the 8th over - 0 runs, 1 hit, 0 errors, 1 left on base; Rocky Mountain 4 - Grim 3
TOP OF THE 9TH
Rocky Mountain Vibes batting - Pitching for Grim Reapers : RHP Troy Moore
Now at 2B: Guo-liang Ye
Batting: RHB Dennis Shaw 0-0: Called Strike
0-1: Hit by Pitch
Batting: RHB Timo Zwiefelhofer 0-0: Ball
1-0: Bunted foul
1-1: Sac Bunt - play at first, batter OUT! 3-4
Dennis Shaw to second
Batting: LHB António Morales 0-0: Intentional Walk
Pinch Hitting: SHB Ken Paige 0-0: Ball
1-0: Called Strike
1-1: Ball
2-1: Foul Ball, location: 2F
2-2: Foul Ball, location: 2F
2-2: Strikes out looking
Batting: LHB Q' Drennan 0-0: Called Strike
0-1: Ball
1-1: Swinging Strike
1-2: Ball
2-2: Ball
3-2: Foul Ball, location: 2F
3-2: Strikes out swinging
Top of the 9th over - 0 runs, 0 hits, 0 errors, 2 left on base; Rocky Mountain 4 - Grim 3
BOTTOM OF THE 9TH
Grim Reapers batting - Pitching for Rocky Mountain Vibes : RHP George Johnstone
Now at C: Duncan Hines
Batting: SHB Tekkan Hayagawa 0-0: Ball
1-0: Foul Ball, location: 2F
1-1: Ball
2-1: Ground out 1-3 (Groundball, 13)
Batting: RHB Bearooz Yacoobi 0-0: Ground out 6-3 (Groundball, 6)
Batting: LHB Semo Hoaloha 0-0: Fly out, F9 (Line Drive, 89D)
Bottom of the 9th over - 0 runs, 0 hits, 0 errors, 0 left on base; Rocky Mountain 4 - Grim 3
Friday, March 29th, 2019 - OOTP Baseball 18.8 Build 76